 Dungeon Crawl Stone Soup version 0.31-a0-675-g238779eb0a (webtiles) character file.

Game seed: 17337287862894418757

1735456 vanad92 the Conqueror (level 26, 266/266 HPs)
             Began as a Minotaur Berserker on Aug 8, 2023.
             Was a High Priest of Trog.
             Escaped with the Orb
             ... and 3 runes on Sept 5, 2023!
             The game lasted 04:19:21 (63441 turns).

vanad92 the Conqueror (Minotaur Berserker)         Turns: 63441, Time: 04:19:22

Health: 266/266    AC: 35    Str: 29    XL:     26   Next: 15%
Magic:  22/22      EV: 31    Int:  4    God:    Trog [*****.]
Gold:   4478       SH: 29    Dex: 22    Spells: 25/25 levels left

rFire   + . .        b - +9 eveningstar (heavy)
rCold   + + .        z - +2 tower shield {reflect}
rNeg    . . .        i - +1 gold dragon scales
rPois   +            F - +2 hat {Will+}
rElec   .            t - +1 cloak of Starlight {*Dazzle EV+4 Stlth--}
rCorr   .            y - +2 pair of gloves of Nuhon {Dex+4}
SInv    +            o - +2 pair of boots {Fly}
Will    ++...        R - amulet of regeneration Stlth
                     G - ring "Nymubb" {Str+3 SInv}
HPRegen 1.44/turn    X - +5 ring of evasion
MPRegen 0.18/turn

%: reflection
@: flying, studying 2 skills
A: horns 2, retaliatory headbutt, talons 1, cold resistance 1, deformed body,
evolution 1, subdued magic 1, noise suppression
0: Orb of Zot
}: 3/15 runes: serpentine, barnacled, silver
a: Renounce Religion, Berserk, Trog's Hand, Brothers in Arms


You escaped.
You worshipped Trog.
Trog was extremely pleased with you.
You visited 8 branches of the dungeon, and saw 44 of its levels.
You visited the Abyss 1 time.
You visited 2 bazaars.
You also visited: Sewer and Ice Cave.

You collected 8707 gold pieces.
You spent 4229 gold pieces at shops.

Inventory:

Hand Weapons
 a - a +6 antimagic demon whip
 b - a +9 heavy eveningstar (weapon)
 N - the +6 morningstar of the Postmodern Tables {heavy, +Blink Will+ Str+2}
   (Trog gifted it to you on level 1 of the Shoals)

   Str+2:     It affects your strength (+2).
   Will+:     It increases your willpower.
   +Blink:    It lets you blink.
Armour
 i - +1 gold dragon scales (worn)
 n - the +4 dragonskin cloak
   (You found it on level 4 of the Realm of Zot)

   Avatar's Aegis: It grants the wearer a chance to resist fire, cold, poison,
   electricity, acid, and negative energy.
 o - a +2 pair of boots of flying (worn)
 t - the +1 cloak of Starlight (worn) {*Dazzle EV+4 Stlth--}
   (You bought it in a shop in a bazaar)

   *Dazzle:   It may blind those who miss an attack against the wearer in melee
   combat.
   EV+4:      It affects your evasion (+4).
   Stlth--:   It makes you much less stealthy.
 w - a scarf of repulsion
 y - the +2 pair of gloves of Nuhon (worn) {Dex+4}
   (You found it on level 2 of the Vaults)

   Dex+4:     It affects your dexterity (+4).
 z - a +2 tower shield of reflection (worn)
 F - a +2 hat of willpower (worn)
Jewellery
 h - a ring of protection from cold
 l - a +6 ring of dexterity
 m - a ring of positive energy
 A - an amulet of the acrobat
 C - a +4 ring of slaying
 G - the ring "Nymubb" (left hand) {Str+3 SInv}
   (You acquired it on level 5 of the Vaults)

   [ring of see invisible]

   Str+3:     It affects your strength (+3).
   SInv:      It lets you see invisible.
 R - an amulet of regeneration (around neck)
 U - a ring of protection from fire
 X - a +5 ring of evasion (right hand)
 Z - a +4 ring of protection
Wands
 s - a wand of mindburst (15)
 u - a wand of iceblast (23)
 E - a wand of polymorph (11)
 K - a wand of digging (10)
 L - a wand of acid (22)
 Q - a wand of flame (50)
 W - a wand of charming (37)
Scrolls
 c - 5 scrolls of blinking
 e - 29 scrolls of identify
 f - 5 scrolls of fog
 g - 2 scrolls of revelation
 k - 5 scrolls of fear
 B - 4 scrolls of immolation
 J - 3 scrolls of teleportation
 S - a scroll of brand weapon
 T - 3 scrolls of torment
Potions
 d - 9 potions of haste
 j - 4 potions of heal wounds
 p - 3 potions of resistance
 r - 2 potions of cancellation
 v - 2 potions of mutation
 x - 3 potions of berserk rage
 D - 13 potions of lignification
 H - 12 potions of curing
 O - 6 potions of attraction
 P - 4 potions of might
 V - 3 potions of enlightenment
 Y - 4 potions of invisibility
Miscellaneous
 q - a sack of spiders
 I - a lightning rod (4/4)


   Skills:
 O Level 27 Fighting
 - Level 3.2 Short Blades
 - Level 0.7(10.4) Axes
 - Level 15.9(16.0) Maces & Flails
 - Level 0.7(1.1) Polearms
 - Level 0.8(10.4) Staves
 - Level 1.2 Ranged Weapons
 - Level 0.6 Throwing
 O Level 27 Armour
 + Level 24.8 Dodging
 O Level 27 Shields
 - Level 0.5 Invocations
 - Level 14.0 Evocations
 - Level 3.3 Shapeshifting


You had 25 spell levels left.
You didn't know any spells.
Your spell library was empty.

Dungeon Overview and Level Annotations

Branches:
Dungeon (15/15)            Temple (0/1) D:5            Lair (5/5) D:9
 Shoals (4/4) Lair:3        Snake (4/4) Lair:2        Slime (0/5) Lair:4
    Orc (2/2) D:10            Elf (0/3) Orc:2        Vaults (5/5) D:14
  Crypt (0/3) Vaults:2     Depths (4/4) D:15            Zot (5/5) Depths:4
  Sewer (visited)           IceCv (visited)

Altars:
Ashenzari
Cheibriados
Dithmenos
Gozag
Hepliaklqana
Makhleb
Nemelex Xobeh
Ru
Uskayaw
Vehumet
Yredelemnul
The Shining One
Jiyva

Shops:
D:2 (   D:14 !   Orc:2 *[?:   Shoals:3 *   Snake:1 (!   Snake:3 *   Snake:4 [[
Vaults:2 !(   Vaults:4 :(

Portals:
Hell: Depths:1 Depths:2 Depths:3 Depths:4
Abyss: Depths:3 Depths:4
Pandemonium: Depths:1 Depths:2
Ziggurat: Depths:1
Trove: Depths:3 (give +4 storm dragon scales)


Innate Abilities, Weirdness & Mutations

You have a pair of horns on your head.
You reflexively headbutt those who attack you in melee.
You have sharp toenails.
Your flesh is cold resistant. (rC+)
Armour fits poorly on your strangely shaped body.
You have hidden genetic potential.
Your spells are a little easier to cast, but a little less powerful.
You passively dampen the noise of your surroundings.


Message History

You block the Orb Guardian's attack.
You hit the Orb Guardian but do no damage.
The Orb Guardian is almost dead.
You block the Orb Guardian's attack. The Orb Guardian barely misses you.
You miss the Orb Guardian.
The Orb Guardian is almost dead.
You block the Orb Guardian's attack.
You hammer the Orb Guardian like a gong!!!
You kill the Orb Guardian!
Trog accepts your kill.
What level of the Dungeon? (default 1, ? - help)
You see here a +0 spear.
You see here a +0 spear.
There is a stone staircase leading up here.
You fly upwards.
There is a stone staircase leading down here.
There is an open door here.
There is a stone staircase leading up here.
You fly upwards.
There is a stone staircase leading down here.
You see here a book of Touch.
There is a stone staircase leading up here.
You fly upwards.
There is a stone staircase leading down here.
There is a stone staircase leading up here.
You fly upwards.
There is a stone staircase leading down here.
There is a stone staircase leading up here.
You fly upwards.
There is a stone staircase leading down here.
Unknown command.
Aiming: Dig
Press: ? - help, Shift-Dir - straight line A rock wall.
This square is covered in magical glow.
The rock shatters into small pieces.
There is a staircase leading out of the dungeon here.
Unknown command.
Unknown command.
You have escaped!

......#.......#...#.......#
#####.#..#######.#######..#
....#.#..# ##.......## #..#
###.#....###.........###..#### #
....#....##...........##.....## #
#)####...#.............#..##..# #
#....#..##.............##..##.###
....#..#.#.............#.#..#..##
.##...#.........@.........#..#.##
.......#.#.............#.#..#....
.....#..##.............##..##.###
.##..##..#.............#..###)#
.........##...........##..###.#
...#.....###.........###...##.#
...#.#...# ##.......## #......###
...#.#...#######.#######..##.....
...#.#........#...#....(..##....#


There were no monsters in sight!

Vanquished Creatures
  5 dread liches
  5 ancient liches
  11 orbs of fire
  2 juggernauts (Depths:4)
  4 Killer Klowns
  2 curse toes
  Vashnia (Snake:3)
  Jory (Vaults:2)
  9 golden dragons
  the Enchantress (Depths:1)
  5 electric golems
  A bone dragon (Depths:3)
  A Brimstone Fiend (Depths:1)
  Jorgrun (D:15)
  The ghost of SuPeRPuSSyNoOTAB the Metamorph, an adept KoIE of Gozag (Vaults:2)
  5 liches
  A walking crystal tome (Depths:3)
  28 Orb Guardians
  Mlioglotl (Shoals:4)
  17 tentacled monstrosities
  The ghost of Dadghomedgh the Thaumaturge, an adept GnHW of Sif Muna (Snake:3)
  Asterion (Snake:4)
  Polyphemus (Shoals:2)
  4 titans (Vaults:5)
  3 sphinxes
  A tentacled starspawn (Abyss:2)
  A kraken (Shoals:3)
  17 quicksilver dragons
  11 death cobs
  12 storm dragons
  Gastronok (D:8)
  Kirke (D:15)
  Aizul (Lair:2)
  7 tengu reavers
  12 shadow dragons
  A daeva (Depths:1)
  5 draconian monks
  An azure jelly (shapeshifter) (Vaults:5)
  3 draconian knights
  5 nagarajas
  9 fire giants
  10 frost giants
  A fire giant (shapeshifter) (Vaults:5)
  4 iron dragons
  3 deep elf sorcerers
  13 vault wardens
  6 draconian shifters
  An angel (Depths:1)
  2 ghost moths
  8 spriggan defenders
  14 draconian scorchers
  A cacodemon (Abyss:2)
  20 ironbound preservers
  6 war gargoyles
  2 orc warlords
  18 stone giants
  23 very ugly things
  3 formless jellyfish
  6 ironbound thunderhulks
  4 vampire knights
  3 draconian stormcallers
  A deep elf demonologist (Vaults:5)
  14 draconian annihilators
  Azrael (Snake:1)
  A lorocyproca (Depths:1)
  9 green draconians
  27 purple draconians
  18 red draconians
  10 black draconians
  17 white draconians
  2 deep elf annihilators (Vaults:5)
  A spark wasp (Vaults:2)
  8 dire elephants
  7 yellow draconians
  14 ettins
  A crystal guardian (Vaults:1)
  A blizzard demon (Depths:3)
  An ettin (shapeshifter) (Vaults:5)
  6 merfolk javelineers (Shoals:4)
  8 merfolk impalers
  2 deep elf high priests (Vaults:5)
  An entropy weaver (Vaults:4)
  19 yaktaur captains
  2 caustic shrike simulacra (IceCv)
  11 fire dragons
  8 spriggan air magi
  2 peacekeepers (Vaults:1)
  9 ice dragons
  2 hell beasts (Depths:3)
  32 vault guards
  4 rakshasas
  Harold (D:11)
  3 ogre magi
  3 salamander tyrants (Snake:4)
  3 catoblepae
  9 centaur warriors
  5 ironbound frosthearts
  5 anacondas
  4 great orbs of eyes
  6 hydras
  4 satyrs
  7 boulder beetles
  A boulder beetle (shapeshifter) (Depths:3)
  3 two-headed ogres
  A merfolk avatar (Shoals:1)
  An alligator (shapeshifter) (Vaults:5)
  2 alligator snapping turtles
  4 hell hogs (Abyss:2)
  3 deep troll shamans
  7 death yaks
  7 merfolk aquamancers
  A titan zombie (Vaults:4)
  11 shock serpents
  11 deep troll earth magi
  23 naga warriors
  9 spriggan berserkers
  A deep elf knight (Vaults:5)
  4 orc high priests (Orc:2)
  4 tengu warriors
  A vampire mage (Vaults:2)
  23 hell knights
  The ghost of flestrin the Summoner, a novice BaSu of Qazlal (D:8)
  22 naga sharpshooters
  4 salamander mystics
  A soul eater (Zot:5)
  3 skeletal warriors
  9 iron trolls
  5 skysharks
  A storm dragon skeleton (Vaults:3)
  A wretched star (Abyss:2)
  2 fire crabs (Shoals:4)
  15 sea snakes
  The ghost of Martiln the Conjurer, a novice BaCj (D:7)
  A flayed ghost (Depths:2)
  48 deep trolls
  8 glowing orange brains
  An obsidian statue (Snake:3)
  2 orange crystal statues (IceCv)
  7 naga ritualists
  4 wizards
  A deep elf archer (Vaults:5)
  8 orc knights
  25 harpies
  5 lindwurms
  9 phantasmal warriors
  17 ironbound convokers
  24 ugly things
  2 deep elf zephyrmancers (Vaults:5)
  6 necromancers
  2 deep elf pyromancers
  2 starcursed masses (Abyss:2)
  10 mana vipers
  2 mana vipers (shapeshifter)
  A frost giant zombie (Vaults:3)
  11 manticores
  12 fauns
  2 orc sorcerers (Orc:2)
  7 cyclopes
  24 salamanders
  A cyclops (shapeshifter) (Vaults:5)
  19 moths of wrath
  2 worldbinders (Abyss:2)
  A moth of wrath (shapeshifter) (D:13)
  13 cane toads
  15 naga magi
  A rust devil (Abyss:2)
  48 black mambas
  9 elephants
  20 vault sentinels
  11 merfolk sirens
  3 stone giant skeletons
  10 water nymphs
  2 ice statues (Snake:2)
  2 orange demons (Abyss:2)
  2 torpor snails (Lair:4)
  15 guardian serpents
  A cane toad (shapeshifter) (D:14)
  2 gargoyles
  2 kobold demonologists (D:13)
  29 yaktaurs
  A hellion (Abyss:2)
  2 rime drakes
  An efreet (Zot:4)
  3 tengu conjurers
  4 freezing wraiths
  8 komodo dragons
  2 golden dragon simulacra (IceCv)
  3 anaconda simulacra (IceCv)
  A queen bee (Lair:2)
  2 trolls (D:10)
  9 polar bears
  21 merfolk
  A wind drake (Shoals:3)
  2 tarantellas (shapeshifter)
  A yaktaur skeleton (Vaults:2)
  2 alligator simulacra (IceCv)
  11 hornets
  Prince Ribbit (Lair:2)
  3 raiju (Abyss:2)
  23 dream sheep
  18 blink frogs
  9 snapping turtles
  38 slime creatures
  52 yaks
  12 spriggans
  A shadow (D:13)
  6 vampires
  21 water elementals
  A spriggan (shapeshifter) (Vaults:5)
  20 fire elementals
  A naga simulacrum (Abyss:2)
  2 fire bats (Shoals:4)
  12 basilisks
  4 wraiths
  5 wyverns
  A dire elephant simulacrum (IceCv)
  4 steam dragons
  An ettin skeleton (Vaults:3)
  A steam dragon (shapeshifter) (Vaults:5)
  3 golden eyes (Abyss:2)
  Menkaure (D:4)
  2 human simulacra
  21 vampire mosquitoes
  3 human zombies
  2 harpy simulacra (IceCv)
  49 nagas
  4 large abominations (Abyss:2)
  2 hydra simulacra (IceCv)
  An ice beast (D:6)
  A floating eye (Depths:1)
  25 orc warriors
  14 water moccasins
  Duvessa (D:5)
  3 hell hounds (Snake:1)
  A sky beast (D:7)
  3 ettin simulacra (IceCv)
  6 black bears
  10 centaurs
  5 wolves (Lair:5)
  9 ogres
  2 phantoms
  Blork the orc (D:4)
  3 kobold brigands
  2 small abominations (Abyss:2)
  A scorpion (D:5)
  15 bullfrogs
  A human skeleton (Vaults:2)
  5 wights (D:9)
  Dowan (D:5)
  44 killer bees
  2 howler monkeys
  4 jellies
  Crazy Yiuf (D:4)
  30 orc priests
  6 hounds
  A gnoll bouda (D:6)
  A sleepcap (D:3)
  7 iguanas
  34 orc wizards
  5 hell rats (Lair:3)
  Robin (D:2)
  11 gnolls
  9 adders
  2 white imps
  A worm (D:3)
  A dart slug (D:1)
  88 orcs
  7 endoplasms
  9 goblins
  17 hobgoblins
  4 quokkas
  6 ball pythons
  8 bats
  2 frilled lizards (D:1)
  19 kobolds
  6 rats
2101 creatures vanquished.

Vanquished Creatures (collateral kills)
  Rupert (D:15)
  An orc warlord (Orc:1)
  A green draconian (Zot:3)
  Nergalle (Orc:1)
  A manticore (D:15)
  A moth of wrath (Zot:4)
  A hornet (D:15)
  3 blink frogs (Lair:2)
  A vampire mosquito (D:15)
  3 orc warriors
  A killer bee (D:9)
  3 orc priests (Orc:1)
  An orc wizard (Orc:2)
  5 orcs
24 creatures vanquished.

Vanquished Creatures (others)
  A draconian monk (Zot:1)
  A fire giant (Depths:1)
  A draconian scorcher (Depths:4)
  2 draconian shifters
  2 draconian stormcallers
  A deep troll (Vaults:5)
  A water elemental (Shoals:3)
  A killer bee (D:9)
  An orc wizard (D:4)
  2 starspawn tentacles (Abyss:2)
13 creatures vanquished.

Grand Total: 2138 creatures vanquished

Notes
Turn   | Place    | Note
-------+----------+-------------------------------------------
     0 | D:1      | vanad92 the Minotaur Berserker began the quest for the Orb.
     0 | D:1      | Reached XP level 1. HP: 19/19 MP: 0/0
   238 | D:1      | Reached XP level 2. HP: 12/28 MP: 1/1
   851 | D:1      | Reached skill level 5 in Fighting
   852 | D:1      | Reached XP level 3. HP: 34/36 MP: 2/2
   856 | D:1      | Reached ** piety under Trog
  1117 | D:2      | Found Lomasch's Weapon Boutique.
  1408 | D:2      | Found a faded altar of an unknown god.
  1546 | D:2      | Identified the +2 robe of Pumae {rC++ Int+2}
  1643 | D:2      | Noticed Robin
  1647 | D:2      | Killed Robin
  1648 | D:2      | Reached XP level 4. HP: 33/42 MP: 3/3
  1804 | D:3      | Found a glowing drain.
  1813 | Sewer    | Entered a sewer
  1837 | Sewer    | Noticed a water moccasin
  1843 | Sewer    | Killed a water moccasin
  1844 | Sewer    | Reached skill level 1 in Ranged Weapons
  1844 | Sewer    | Reached skill level 5 in Armour
  1844 | Sewer    | Reached XP level 5. HP: 48/48 MP: 4/4
  2465 | D:3      | Reached skill level 1 in Shields
  2812 | D:4      | Found a hide-covered altar of Uskayaw.
  2845 | D:4      | Noticed an ogre
  2846 | D:4      | Reached XP level 6. HP: 55/56 MP: 5/5
  2855 | D:4      | Reached *** piety under Trog
  3290 | D:4      | Noticed Menkaure
  3298 | D:4      | Reached XP level 7. HP: 64/64 MP: 6/6
  3300 | D:4      | Killed Menkaure
  3523 | D:4      | Found a sparkling altar of Nemelex Xobeh.
  3566 | D:4      | Found a basalt altar of Yredelemnul.
  3611 | D:4      | Noticed Blork the orc
  3618 | D:4      | Killed Blork the orc
  3619 | D:4      | Reached skill level 1 in Shapeshifting
  3678 | D:4      | Found a runed translucent door.
  3679 | D:4      | Noticed Crazy Yiuf
  3897 | D:4      | Killed Crazy Yiuf
  4004 | D:5      | Entered Level 5 of the Dungeon
  4147 | D:5      | Reached XP level 8. HP: 72/73 MP: 7/7
  4491 | D:5      | Noticed Dowan
  4492 | D:5      | Noticed Duvessa
  4496 | D:5      | Killed Dowan
  4501 | D:5      | Killed Duvessa
  4651 | D:5      | Found a staircase to the Ecumenical Temple.
  5220 | D:6      | Reached skill level 10 in Fighting
  5759 | D:6      | Reached XP level 9. HP: 86/86 MP: 8/8
  6912 | D:7      | Noticed Martiln's ghost (novice BaCj)
  6928 | D:7      | Found a runed translucent door.
  7087 | D:7      | Reached **** piety under Trog
  7106 | D:7      | Found a shadowy altar of Dithmenos.
  7160 | D:7      | Found a radiant altar of Vehumet.
  7618 | D:8      | You fall into a shaft and drop 3 floors!
  7766 | D:11     | Noticed Harold
  7774 | D:11     | Gained mutation: Your magical capacity is low. (-10% MP)
                  | [potion of mutation]
  7774 | D:11     | Gained mutation: You are somewhat resistant to further
                  | mutation. [potion of mutation]
  7784 | D:11     | Killed Harold
  7843 | D:11     | Identified the +2 scale mail of the Morning {Drain rPois
                  | rC++ Int+2}
  7851 | D:10     | Entered Level 10 of the Dungeon
  7859 | D:10     | Reached XP level 10. HP: 91/101 MP: 8/8
  7885 | D:9      | Noticed an elephant
  7885 | D:9      | Found a staircase to the Lair.
  7905 | D:10     | Killed an elephant
  8271 | D:8      | Identified the +2 buckler of Unreason {Fly Regen+ Slay+2
                  | Stlth-}
  8448 | D:8      | Found a transporter.
  8448 | D:8      | Noticed a moth of wrath
  8449 | D:8      | Noticed flestrin's ghost (novice BaSu)
  8530 | D:8      | Noticed Gastronok
  8585 | D:8      | Killed Gastronok
  8666 | D:8      | Found a transporter.
  8874 | D:8      | Found a glowing golden altar of the Shining One.
  8978 | D:8      | Found a sacrificial altar of Ru.
  9075 | D:8      | Paralysed by a hornet for 2 turns
  9695 | D:9      | Found a hazy altar of Hepliaklqana.
  9756 | D:9      | Reached skill level 1 in Evocations
  9868 | D:9      | Reached XP level 11. HP: 110/110 MP: 9/9
 10331 | Lair:1   | Entered Level 1 of the Lair of Beasts
 10346 | D:9      | Reached ***** piety under Trog
 10470 | Lair:1   | Reached skill level 5 in Evocations
 10791 | Lair:1   | Reached skill level 15 in Fighting
 11721 | Lair:2   | Found a staircase to the Snake Pit.
 11785 | Lair:2   | Noticed Prince Ribbit
 11791 | Lair:2   | Identified 2 scrolls of acquirement
 11791 | Lair:2   | Acquired a manual of Evocations
 11797 | Lair:2   | Reached XP level 12. HP: 113/124 MP: 10/10
 12157 | Lair:2   | Killed Prince Ribbit
 12685 | Lair:3   | Reached skill level 10 in Armour
 12696 | Lair:3   | Reached skill level 10 in Dodging
 12906 | Lair:3   | Received a gift from Trog
 13041 | Lair:3   | Noticed a five-headed hydra
 13064 | Lair:3   | Killed a five-headed hydra
 13112 | Lair:3   | Found a staircase to the Shoals.
 13750 | Lair:3   | Reached XP level 13. HP: 132/132 MP: 11/11
 14565 | Lair:4   | Found a viscous altar of Jiyva.
 14565 | Lair:4   | Found a staircase to the Slime Pits.
 15216 | Lair:5   | Entered Level 5 of the Lair of Beasts
 15468 | D:10     | Found a staircase to the Orcish Mines.
 15549 | D:10     | Found a broken altar of Ashenzari.
 15741 | D:10     | Identified the +6 falchion "Aguruzxan" {speed, *Slow rPois
                  | Will+}
 15985 | D:10     | Received a gift from Trog
 16032 | Orc:1    | Entered Level 1 of the Orcish Mines
 16049 | D:10     | Reached skill level 1 in Maces & Flails
 16100 | Orc:1    | Noticed Nergalle
 16200 | Orc:1    | Noticed an orc warlord
 16850 | Lair:5   | Reached skill level 5 in Maces & Flails
 17434 | Lair:5   | Reached XP level 14. HP: 134/140 MP: 11/11
 17439 | Lair:5   | Received a gift from Trog
 17798 | Lair:5   | Reached skill level 10 in Maces & Flails
 19221 | D:12     | Received a gift from Trog
 19321 | D:12     | Reached skill level 15 in Maces & Flails
 19618 | Orc:1    | Killed Nergalle
 19624 | Orc:1    | Killed an orc warlord
 20012 | Orc:2    | Entered Level 2 of the Orcish Mines
 20294 | Orc:2    | Found Zaboan's Antique Armour Boutique.
 20297 | Orc:2    | Found Itumuej's Book Shop.
 20298 | Orc:2    | Found Kipio's Magic Scroll Shop.
 20302 | Orc:2    | Found Omaith's Assorted Antiques.
 20308 | Orc:2    | Bought a scroll of teleportation for 81 gold pieces
 20308 | Orc:2    | Bought a fuming golden potion for 24 gold pieces
 20325 | Orc:2    | Found a staircase to the Elven Halls.
 20426 | Orc:2    | Received a gift from Trog
 20755 | Orc:2    | Bought a scroll of teleportation for 39 gold pieces
 20755 | Orc:2    | Bought a scroll of teleportation for 39 gold pieces
 20755 | Orc:2    | Bought a scroll of identify for 26 gold pieces
 20755 | Orc:2    | Bought a scroll of identify for 26 gold pieces
 20755 | Orc:2    | Bought a scroll of identify for 26 gold pieces
 20755 | Orc:2    | Bought a scroll of identify for 26 gold pieces
 21515 | D:14     | Reached XP level 15. HP: 140/152 MP: 12/12
 21887 | D:14     | Found a gate to the Vaults.
 21936 | D:14     | Found Noh Fib's Distillery.
 22183 | D:15     | Entered Level 15 of the Dungeon
 22223 | D:15     | Noticed Jorgrun
 22230 | D:15     | Killed Jorgrun
 22252 | D:15     | Found a staircase to the Depths.
 22347 | D:15     | Noticed Kirke
 22355 | D:15     | Killed Kirke
 22436 | D:15     | Noticed Nessos
 22440 | D:15     | Nessos changed into Nessos the elephant
 22440 | D:15     | Noticed Nessos
 22444 | D:15     | Killed Nessos the elephant
 22464 | D:15     | Noticed Rupert
 22473 | D:15     | Killed Rupert
 23042 | Shoals:1 | Entered Level 1 of the Shoals
 23301 | Shoals:1 | Reached skill level 15 in Dodging
 23302 | Shoals:1 | Identified the +6 morningstar of the Postmodern Tables
                  | {heavy, +Blink Will+ Str+2} (Trog gifted it to you on level
                  | 1 of the Shoals)
 23302 | Shoals:1 | Received a gift from Trog
 23610 | Shoals:1 | Reached XP level 16. HP: 126/162 MP: 13/13
 24496 | Shoals:2 | Reached skill level 15 in Armour
 24585 | Shoals:2 | Noticed Polyphemus
 24610 | Shoals:2 | Killed Polyphemus
 25035 | Shoals:3 | Found Uxesm's CLEARANCE SALE!.
 25051 | Shoals:3 | Bought an amulet of the acrobat for 90 gold pieces
 25168 | Shoals:3 | Noticed a kraken
 25178 | Shoals:3 | Killed a kraken
 25882 | Shoals:3 | Reached ****** piety under Trog
 26266 | Shoals:3 | Found Uxesm's CLEARANCE SALE!.
 26667 | Shoals:4 | Entered Level 4 of the Shoals
 26669 | Shoals:4 | Noticed Mlioglotl
 26677 | Shoals:4 | Killed Mlioglotl
 26730 | Shoals:4 | Identified the +3 quick blade of Frustration {heavy, rF+
                  | Will+ Dex+2} (Trog gifted it to you on level 4 of the
                  | Shoals)
 26730 | Shoals:4 | Received a gift from Trog
 27016 | Shoals:4 | Got a barnacled rune of Zot
 27204 | Shoals:4 | Found a flickering gateway to a bazaar.
 27225 | Bazaar   | Entered a bazaar
 27232 | Bazaar   | Found Tidel's General Store.
 27236 | Bazaar   | Found Qodemypn's Armour Shoppe.
 27244 | Bazaar   | Found Anokk's Magic Scroll Boutique.
 27254 | Bazaar   | Found Lisyla's Antique Armour Shoppe.
 27262 | Bazaar   | Found Kasch's Distillery.
 27279 | Bazaar   | Bought the +1 cloak of Starlight {*Dazzle EV+4 Stlth--} for
                  | 823 gold pieces
 27279 | Bazaar   | Found the +1 cloak of Starlight {*Dazzle EV+4 Stlth--}
 27290 | Bazaar   | Bought a scroll of acquirement for 728 gold pieces
 27290 | Bazaar   | Acquired 486 gold pieces
 27480 | Shoals:4 | Reached XP level 17. HP: 144/172 MP: 14/14
 27863 | Shoals:4 | Received a gift from Trog
 28571 | Vaults:1 | Entered Level 1 of the Vaults
 28715 | Vaults:1 | Found a flickering gateway to a bazaar.
 28727 | Bazaar   | Entered a bazaar
 28727 | Bazaar   | Found Rohec's Weapon Shoppe.
 28727 | Bazaar   | Found Fageis's Distillery.
 28729 | Bazaar   | Found Gujalul's Assorted Antiques.
 28745 | Bazaar   | Found Tiecwoam's Distillery.
 28780 | Bazaar   | Bought a potion of haste for 160 gold pieces
 28784 | Bazaar   | Bought a potion of heal wounds for 70 gold pieces
 28784 | Bazaar   | Bought a potion of haste for 140 gold pieces
 28790 | Bazaar   | Bought 3 potions of mutation for 384 gold pieces
 29933 | Vaults:2 | Found Soanomuc's Weapon Shop.
 30295 | Vaults:2 | Found Ybote's Distillery.
 30323 | Vaults:2 | Found a runed translucent door.
 30584 | Vaults:2 | Noticed Zenata
 30586 | Vaults:2 | Zenata changed into Zenata the spark wasp
 30586 | Vaults:2 | Noticed Zenata
 30590 | Vaults:2 | Killed Zenata the spark wasp
 30626 | Vaults:2 | Noticed Jory
 30639 | Vaults:2 | Killed Jory
 30701 | Vaults:2 | Upgraded the game from 0.31-a0-496-g6f97920a28 to
                  | 0.31-a0-564-g3b7de120b3
 30785 | Vaults:2 | Received a gift from Trog
 31143 | Snake:1  | Entered Level 1 of the Snake Pit
 31147 | Snake:1  | Noticed Aizul
 31182 | Lair:2   | Killed Aizul
 31342 | Snake:1  | Upgraded the game from 0.31-a0-564-g3b7de120b3 to
                  | 0.31-a0-574-g69dc8cc98e
 31422 | Snake:1  | Noticed Azrael
 31428 | Snake:1  | Killed Azrael
 31761 | Snake:1  | Reached XP level 18. HP: 191/192 MP: 15/15
 31835 | Snake:1  | Found Toheit's Distillery.
 31835 | Snake:1  | Found Howu's Antique Weapon Shoppe.
 32144 | Snake:2  | Found a frozen archway.
 32171 | IceCv    | Entered an ice cave
 32204 | IceCv    | Received a gift from Trog
 32970 | Snake:2  | Reached skill level 10 in Shields
 33860 | Snake:3  | Received a gift from Trog
 34224 | Snake:3  | Found a runed translucent gate.
 34224 | Snake:3  | Found a runed translucent gate.
 34224 | Snake:3  | Found a runed translucent gate.
 34225 | Snake:3  | Found an opulent altar of Gozag.
 34226 | Snake:3  | Found Linleisu's Assorted Antiques.
 34226 | Snake:3  | Noticed Dadghomedgh's ghost (adept GnHW)
 34247 | Snake:3  | Noticed Vashnia
 34253 | Snake:3  | Killed Vashnia
 34438 | Snake:3  | Found a glowing golden altar of the Shining One.
 35152 | Snake:3  | Killed Dadghomedgh's ghost
 35258 | Snake:3  | Acquired 741 gold pieces
 35292 | Snake:4  | Entered Level 4 of the Snake Pit
 35312 | Snake:3  | Reached skill level 15 in Shields
 35403 | Snake:4  | Received a gift from Trog
 35408 | Snake:4  | Reached XP level 19. HP: 200/200 MP: 16/16
 35452 | Snake:4  | Found a hazy altar of Hepliaklqana.
 35523 | Snake:4  | Noticed Asterion
 35530 | Snake:4  | Killed Asterion
 36019 | Snake:4  | Found Soddod's Armour Shop.
 36027 | Snake:4  | Found Zoossez's Antique Armour Shop.
 36031 | Snake:4  | Bought a pair of runed gloves for 232 gold pieces
 36042 | Snake:4  | Upgraded the game from 0.31-a0-574-g69dc8cc98e to
                  | 0.31-a0-590-g8a5a4361df
 36303 | Snake:4  | Upgraded the game from 0.31-a0-590-g8a5a4361df to
                  | 0.31-a0-604-g8e0283293c
 36455 | Snake:4  | Received a gift from Trog
 36600 | Snake:4  | Got a serpentine rune of Zot
 36622 | Snake:4  | Identified the +2 robe of the Morning Star {SInv}
 36917 | D:7      | Killed Martiln's ghost
 36999 | D:8      | Killed flestrin's ghost
 37278 | Vaults:2 | You fall into a shaft and drop 1 floor!
 38594 | Vaults:2 | Paralysed by a formless jellyfish for 1 turns
 38596 | Vaults:2 | Received a gift from Trog
 38672 | Abyss:2  | Cast into level 2 of the Abyss (a deep elf sorcerer)
 38959 | Vaults:2 | Escaped the Abyss
 39036 | Vaults:2 | Reached XP level 20. HP: 210/210 MP: 17/17
 39163 | Vaults:2 | Received a gift from Trog
 39393 | Orc:2    | Bought a scroll of enchant weapon for 202 gold pieces
 39968 | Vaults:2 | Identified the +2 pair of gloves of Nuhon {Dex+4}
 40135 | Vaults:2 | Found a staircase to the Crypt.
 40344 | Vaults:2 | Noticed SuPeRPuSSyNoOTAB's ghost (adept KoIE)
 40361 | Vaults:2 | Killed SuPeRPuSSyNoOTAB's ghost
 41161 | Vaults:3 | Received a gift from Trog
 41811 | Vaults:3 | Upgraded the game from 0.31-a0-604-g8e0283293c to
                  | 0.31-a0-618-g7ca08c1ff9
 42062 | Vaults:4 | Received a gift from Trog
 42123 | Vaults:4 | Paralysed by a great orb of eyes for 3 turns
 42142 | Vaults:4 | Found Romunime's Book Emporium.
 42156 | Vaults:4 | Paralysed by a great orb of eyes for 5 turns
 42419 | Vaults:4 | Found Wiyduut's Antique Weapon Boutique.
 42952 | Vaults:4 | Received a gift from Trog
 43494 | Depths:1 | Entered Level 1 of the Depths
 43676 | Depths:1 | Found a one-way gateway to a ziggurat.
 43745 | Depths:1 | Found a one-way gate leading to the halls of Pandemonium.
 43899 | Depths:1 | You fall into a shaft and drop 1 floor!
 43972 | Depths:1 | Noticed the Enchantress
 43996 | Depths:1 | Reached XP level 21. HP: 180/217 MP: 6/18
 44067 | Depths:1 | Killed the Enchantress
 44254 | Depths:1 | Noticed a golden dragon
 44273 | Depths:1 | Killed a golden dragon
 44343 | Depths:1 | Reached skill level 10 in Evocations
 44645 | Depths:1 | Found a gateway to Hell.
 44954 | Depths:1 | Noticed Sojobo
 45002 | Depths:1 | Sojobo changed into Sojobo the golden dragon
 45002 | Depths:1 | Noticed Sojobo
 45009 | Depths:1 | Killed Sojobo the golden dragon
 45213 | Depths:1 | Upgraded the game from 0.31-a0-618-g7ca08c1ff9 to
                  | 0.31-a0-626-g8143ab4f1d
 45500 | Depths:2 | Received a gift from Trog
 46103 | Depths:2 | Noticed a golden dragon
 46125 | Depths:1 | Killed a golden dragon
 46722 | Depths:3 | Identified the +4 scimitar "Foosawad" {heavy, *Corrode rC+
                  | Dex+2} (Trog gifted it to you on level 3 of the Depths)
 46722 | Depths:3 | Received a gift from Trog
 47166 | Depths:3 | Identified the +4 plate armour of Hieqiecw {+Inv rC+ rN+++
                  | Dex-4}
 47215 | Depths:3 | Reached XP level 22. HP: 197/228 MP: 19/19
 47264 | Depths:3 | Found a one-way gate to the infinite horrors of the Abyss.
 47485 | Depths:3 | Identified the +3 shortbow "Jaraj" {elec, rC+}
 47694 | Depths:3 | Found a portal to a secret trove of treasure.
 47888 | Depths:4 | Entered Level 4 of the Depths
 47899 | Depths:4 | Received a gift from Trog
 48141 | Depths:4 | Reached skill level 27 in Fighting
 48156 | Depths:4 | Noticed a juggernaut
 48164 | Depths:4 | Killed a juggernaut
 48338 | Depths:4 | Upgraded the game from 0.31-a0-626-g8143ab4f1d to
                  | 0.31-a0-631-g285b096dc4
 48848 | Depths:4 | Found a glowing golden altar of the Shining One.
 48860 | Depths:4 | Found a burning altar of Makhleb.
 49091 | Depths:4 | Found a gate to the Realm of Zot.
 49124 | Depths:4 | Noticed a golden dragon
 49134 | Depths:4 | Received a gift from Trog
 49139 | Depths:4 | Killed a golden dragon
 49669 | Vaults:5 | Entered Level 5 of the Vaults
 49861 | Vaults:5 | Noticed an ancient lich
 49881 | Vaults:5 | Killed an ancient lich
 49882 | Vaults:5 | Reached skill level 27 in Shields
 49892 | Vaults:5 | Received a gift from Trog
 50056 | Vaults:5 | Noticed a dread lich
 50064 | Vaults:5 | Killed a dread lich
 50084 | Vaults:5 | Reached XP level 23. HP: 240/240 MP: 20/20
 50452 | Vaults:5 | Noticed a dread lich
 50461 | Vaults:5 | Killed a dread lich
 50572 | Vaults:5 | Received a gift from Trog
 50786 | Vaults:5 | Identified the +0 scale mail "Comul" {Rampage *Corrode rF++
                  | MP+9}
 50789 | Vaults:5 | Got a silver rune of Zot
 50792 | Vaults:5 | Identified the staff "Hisch" {rN+ rCorr Necro}
 50881 | Vaults:5 | Noticed an ancient lich
 50888 | Vaults:5 | Killed an ancient lich
 50922 | Vaults:5 | Acquired the ring "Nymubb" {Str+3 SInv}
 51039 | Vaults:5 | Identified the staff of Friendship {rPois Int+5 Dex+3
                  | Stlth+ Poison}
 51115 | Vaults:5 | Noticed an ancient lich
 51122 | Vaults:5 | Killed an ancient lich
 51352 | Vaults:5 | Identified the +12 broad axe of the Equator {heavy, rC+
                  | Dex+4} (Trog gifted it to you on level 5 of the Vaults)
 51352 | Vaults:5 | Received a gift from Trog
 51796 | Vaults:2 | Bought a potion of resistance for 190 gold pieces
 51796 | Vaults:2 | Bought a potion of attraction for 57 gold pieces
 51796 | Vaults:2 | Bought a potion of heal wounds for 95 gold pieces
 51796 | Vaults:2 | Bought a potion of heal wounds for 95 gold pieces
 52028 | Zot:1    | Entered Level 1 of the Realm of Zot
 52255 | Zot:1    | Noticed a Killer Klown
 52366 | Zot:1    | Killed a Killer Klown
 52598 | Zot:1    | Noticed a Killer Klown
 52603 | Zot:1    | Killed a Killer Klown
 52979 | Zot:1    | Reached XP level 24. HP: 224/249 MP: 20/20
 53580 | Depths:1 | Received a gift from Trog
 55054 | Zot:2    | Found a snail-covered altar of Cheibriados.
 55932 | Orc:2    | Bought a scroll of acquirement for 676 gold pieces
 55934 | Orc:2    | Acquired a +5 ring of evasion
 56650 | Zot:3    | Noticed an orb of fire
 56664 | Zot:2    | Killed an orb of fire
 56998 | Zot:2    | Received a gift from Trog
 57580 | Zot:3    | HP: 9/249 [white draconian stormcaller/divine providence
                  | (14)]
 59137 | Zot:4    | Identified the +0 robe of Kalonkeps {Int+2}
 59782 | Zot:4    | Received a gift from Trog
 59859 | Zot:4    | Reached XP level 25. HP: 257/257 MP: 20/20
 59975 | Zot:4    | Found the +4 dragonskin cloak
 59975 | Zot:4    | Noticed Tiamat
 60006 | Zot:4    | Tiamat changed into Tiamat the shard shrike
 60006 | Zot:4    | Noticed Tiamat
 60007 | Zot:4    | Tiamat the shard shrike changed into Tiamat the golden
                  | dragon
 60007 | Zot:4    | Noticed Tiamat
 60015 | Zot:4    | Killed Tiamat the golden dragon
 60192 | Zot:4    | Noticed an orb of fire
 60213 | Zot:4    | Killed an orb of fire
 60415 | Zot:4    | Noticed an orb of fire
 60416 | Zot:4    | Gained mutation: You sometimes lose your temper in combat.
                  | [an orb of fire]
 60429 | Zot:4    | Killed an orb of fire
 60494 | Zot:4    | Reached skill level 27 in Armour
 60808 | Zot:4    | Upgraded the game from 0.31-a0-631-g285b096dc4 to
                  | 0.31-a0-640-g39d97e502b
 60867 | Zot:5    | Entered Level 5 of the Realm of Zot
 60986 | Zot:4    | Lost mutation: You sometimes lose your temper in combat.
                  | [potion of mutation]
 60986 | Zot:4    | Lost mutation: Your magical capacity is low. (-10% MP)
                  | [potion of mutation]
 60986 | Zot:4    | Lost mutation: You are somewhat resistant to further
                  | mutation. [potion of mutation]
 60986 | Zot:4    | Gained mutation: You possess an exceptional clarity of
                  | mind. [potion of mutation]
 60986 | Zot:4    | Gained mutation: You have hidden genetic potential. [potion
                  | of mutation]
 61295 | Zot:5    | Received a gift from Trog
 61658 | Zot:5    | Noticed an orb of fire
 61687 | Zot:5    | Noticed a dread lich
 61695 | Zot:5    | Paralysed by a dread lich for 4 turns
 61705 | Zot:5    | Noticed a dread lich
 61707 | Zot:5    | Paralysed by a dread lich for 4 turns
 61712 | Zot:5    | Noticed a Killer Klown
 61716 | Zot:5    | Noticed a dread lich
 61717 | Zot:5    | Killed a dread lich
 61727 | Zot:5    | Killed a dread lich
 61753 | Zot:5    | Killed a dread lich
 61770 | Zot:5    | Killed an orb of fire
 61796 | Zot:4    | Upgraded the game from 0.31-a0-640-g39d97e502b to
                  | 0.31-a0-675-g238779eb0a
 61911 | Zot:5    | Killed a Killer Klown
 61946 | Zot:5    | Noticed an orb of fire
 61959 | Zot:5    | Lost mutation: You possess an exceptional clarity of mind.
                  | [an orb of fire]
 61962 | Zot:5    | Killed an orb of fire
 62117 | Zot:5    | Noticed an orb of fire
 62132 | Zot:5    | Gained mutation: You are weak. (Str -2) [an orb of fire]
 62134 | Zot:5    | Killed an orb of fire
 62234 | Zot:5    | Noticed an ancient lich
 62252 | Zot:5    | Killed an ancient lich
 62417 | Zot:5    | Noticed a Killer Klown
 62433 | Zot:5    | Killed a Killer Klown
 62467 | Zot:5    | Noticed an orb of fire
 62467 | Zot:5    | Noticed an orb of fire
 62481 | Zot:5    | Gained mutation: You are very weak. (Str -4) [an orb of
                  | fire]
 62483 | Zot:5    | Gained mutation: You are frail. (-10% HP) [an orb of fire]
 62485 | Zot:5    | Killed an orb of fire
 62486 | Zot:5    | Gained mutation: Your spells are a little easier to cast,
                  | but a little less powerful. [an orb of fire]
 62490 | Zot:5    | Killed an orb of fire
 62490 | Zot:5    | Noticed an orb of fire
 62493 | Zot:5    | Noticed an orb of fire
 62503 | Zot:5    | Gained mutation: Your spells are easier to cast, but less
                  | powerful. [an orb of fire]
 62504 | Zot:5    | Gained mutation: You are very frail. (-20% HP) [an orb of
                  | fire]
 62507 | Zot:5    | Killed an orb of fire
 62512 | Zot:5    | Killed an orb of fire
 62523 | Zot:5    | Noticed an orb of fire
 62528 | Zot:5    | Gained mutation: Armour fits poorly on your strangely
                  | shaped body. [an orb of fire]
 62536 | Zot:5    | Killed an orb of fire
 62537 | Zot:5    | Reached XP level 26. HP: 122/212 MP: 15/22
 62538 | Zot:5    | Noticed an ancient lich
 62548 | Zot:5    | Killed an ancient lich
 62769 | Zot:5    | Identified the +6 short sword of Causality {flame, Str+3}
 62839 | Zot:5    | Lost mutation: You are very frail. (-20% HP) [potion of
                  | mutation]
 62839 | Zot:5    | Lost mutation: You are very weak. (Str -4) [potion of
                  | mutation]
 62839 | Zot:5    | Lost mutation: Your spells are easier to cast, but less
                  | powerful. [potion of mutation]
 62839 | Zot:5    | Gained mutation: You are dopey. (Int -2) [potion of
                  | mutation]
 62839 | Zot:5    | Gained mutation: Your flesh is cold resistant. (rC+)
                  | [potion of mutation]
 62839 | Zot:5    | Gained mutation: You expend magic power (3 MP) to
                  | strengthen your wands. [potion of mutation]
 62839 | Zot:5    | Lost mutation: You are weak. (Str -2) [potion of mutation]
 62840 | Zot:5    | Lost mutation: You expend magic power (3 MP) to strengthen
                  | your wands. [potion of mutation]
 62840 | Zot:5    | Lost mutation: You are frail. (-10% HP) [potion of
                  | mutation]
 62840 | Zot:5    | Lost mutation: You are dopey. (Int -2) [potion of mutation]
 62840 | Zot:5    | Gained mutation: You have sharp toenails. [potion of
                  | mutation]
 62840 | Zot:5    | Gained mutation: You passively dampen the noise of your
                  | surroundings. [potion of mutation]
 62879 | Zot:5    | Got the Orb of Zot
 63071 | Depths:4 | Noticed a juggernaut
 63083 | Depths:4 | Killed a juggernaut
 63441 | D:$      | Escaped with the Orb!

Illustrated notes

Levels and vault maps discovered:
D:1:      psy_arrival_dodecagon, layout_basic, st_stairs_2
D:2:      layout_loops_ring, serial_shops, nicolae_shop_crystal,
          shapermc_ecumenical_altar_mp_urbaneastern, uniq_robin
D:3:      layout_rooms, portal_sewer_entry_d, fountainhead
D:4:      layout_cave_pools, nicolae_uskayaw_suspiria,
          mainiacjoe_overflow_24_doors, mainiacjoe_overflow_tiny_flanked,
          uniq_blork_the_orc, uniq_menkaure, uniq_crazy_yiuf_cottage
D:5:      layout_gridville, minmay_temple_entry_mist, uniq_duvessa
D:6:      layout_loops_ring, minmay_hedge_maze, serial_bayou_pond_e, st_stairs_3
D:7:      layout_gridville, marbit_many_paths, fiery_altar_vehumet,
          hellmonk_ghost_happy_afterlife, minmay_misc_feat_pillars
D:8:      layout_basic, mainiacjoe_overflow_paths, nicolae_tso_carved_into_rock,
          gammafunk_ghost_berserking_beasts, roderic_serpentine_path,
          minmay_checkerbox, uniq_gastronok
D:9:      layout_basic, nzn_hepliaklqana_mist_gate, david_lair_generic,
          lemuel_flame_loot_1
D:10:     layout_rooms, ashenzari_conservatory_becter, david_orc_3
D:11:     layout_gridville, uniq_harold
D:12:     layout_cave_pools, special_room [special_room_orc]
D:13:     layout_roguey, lightli_corner_chamber
D:14:     layout_cave_pools, david_vaults_2, serial_shops, shop,
          grunt_decor_one_mirror, minivault_16
D:15:     hellmonk_depths_entry_around_the_bend, layout_basic, uniq_kirke,
          uniq_rupert, uniq_jorgrun, uniq_nessos
Lair:1:   beast_lair_carwin_large_2, layout_concentric_octagons
Lair:2:   layout_gridlike, dummy_snake_entry, special_room [special_room_bee],
          cheibrodos_lair_lostbears, uniq_prince_ribbit2
Lair:3:   layout_cave_shapes, shoals_dummy_entry, grunt_megastairs_3
Lair:4:   layout_cave_pods, nicolae_slime_entry_slimehenge,
          nicolae_volcano_entry_two_sided, kennysheep_basilisk_garden,
          grunt_megastairs_5, infiniplex_staircase_pool
Lair:5:   grunt_lair_end_beastmaster, layout_regular_city, minivault_23,
          grunt_forest_small_clearings
Shoals:1: layout_shoals
Shoals:2: layout_shoals, uniq_polyphemus
Shoals:3: layout_shoals, nicolae_shop_clearance
Shoals:4: shoals_end_simple, layout_shoals, serial_shops, bzr_in_the_mist,
          hangedman_shoal_volcano, uniq_mlioglotl
Snake:1:  layout_rooms, minmay_shoptagon, uniq_aizul, uniq_azrael
Snake:2:  layout_layer_cave, portal_ice_cave_entry_ice_statue_two
Snake:3:  layout_chambers, ebering_ghost_gozag, basic_altar, st_stairs_8,
          uniq_vashnia
Snake:4:  hellmonk_snake_rune_quicksilver_temple, layout_cave_town, basic_altar,
          minmay_shop_star, uniq_asterion
Orc:1:    layout_caves, uniq_nergalle
Orc:2:    st_orc_mages, layout_caves, basic_altar
Vaults:1: vaults_dpeg_encased_lava, vaults_dpeg_cross,
          nicolae_vaults_trapezoid_lopsided_2, nicolae_vaults_little_ls,
          ontoclasm_vaults_ligature, v_misc_26, vaults_room_semicircle,
          vaults_room_fours, v_misc_8, nicolae_vaults_trapezoid_1,
          layout_vaults_big_room, serial_shops, bzr_firewalk
Vaults:2: ebering_ghost_reflecting_pool, minmay_crypt_entry_vampire_xt,
          nicolae_vaults_tetromino_T_2, st_quartered_hall,
          nicolae_vaults_tetromino_T_2, layout_vaults_quadrants, serial_shops,
          shop, shop, uniq_zenata, uniq_jory
Vaults:3: nicolae_vaults_good_morning_starshine,
          nicolae_vaults_storage_room_doors, vaults_room_semicircle,
          nicolae_vaults_trapezoid_lopsided_3, nicolae_vaults_shelves_hall,
          nicolae_vaults_sesquioval_fish, nicolae_vaults_twisting_passages,
          vaults_mumra_chevron, vaults_mumra_hex, nicolae_vaults_double_plus_2,
          nicolae_vaults_little_squares_6, layout_vaults_maze_bifur
Vaults:4: hangedman_vaults_impose, v_misc_3, ontoclasm_vaults_loading_screen,
          ontoclasm_vaults_spin, nicolae_vaults_six-pack,
          nicolae_vaults_heart-shaped_vault, ontoclasm_vaults_idyll,
          nicolae_vaults_ellipses_ellipsis, vaults_room_hallway,
          nicolae_vaults_frosty_reception, nicolae_vaults_tangram_2,
          ontoclasm_vaults_loading_screen, nicolae_vaults_tetromino_Z_2,
          layout_vaults_ring, serial_shops, nicolae_shop_just_a_little_nook,
          nicolae_shop_behind_doors
Vaults:5: serial_shops
Depths:1: layout_gridlike, enter_ziggurat_d, grunt_hell_entry_dis_mu,
          rand_demon_pan_entry_3, serial_curves, eino_curves_04, eino_curves_04,
          eino_curves_02, eino_curves_02, dispersion_dpeg, uniq_enchantress,
          uniq_sojobo
Depths:2: kennysheep_scales, layout_cave_pools, pan_entry, pf_coc_iceberg,
          infiniplex_staircase_pillars_2
Depths:3: minmay_shrinking_squares, layout_gridlike, abyss_entry, enter_trove_1,
          grunt_mini_vestibule, serial_bayou_shore_a
Depths:4: evilmike_zot_entry_round, layout_basic, hell_entry, abyss_entry,
          minmay_misc_feat_diagonals, minmay_misc_feat_tiny,
          grunt_ministairs_10, nzn_life_drinkers
Zot:1:    cheibrodos_zot_enchanting_chambers, layout_cathedral_of_symmetry,
          grunt_megastairs_2
Zot:2:    layout_concentric_octagons, basic_altar, grunt_ministairs_9
Zot:3:    layout_cathedral_of_symmetry
Zot:4:    lemuel_firehouse, layout_cathedral_of_symmetry, zot_minivault_5,
          uniq_tiamat
Zot:5:    layout_cathedral_of_symmetry, drop_trap

Skill      XL: |  1  2  3  4  5  6  7  8  9 10 11 12 13 14 15 16 17 18 19 20 21 22 23 24 25 |
---------------+----------------------------------------------------------------------------+-----
Fighting       | 4 5 6 7 10 13 14 16 17 19 20 24 25 26 27 | 27.0
Armour         | 4 5 6 7 9 12 14 16 18 19 23 26 27 | 27.0
Ranged Weapons | 1 |  1.2
Shields        | 1 6 15 20 24 25 27 | 27.0
Shapeshifting  | 3 |  3.3
Dodging        | 4 7 11 13 15 18 19 20 24 | 24.8
Evocations     | 2 5 8 12 14 | 14.0
Maces & Flails | 8 15 | 15.9
Short Blades   | |  3.2
Axes           | |  0.7
Polearms       | |  0.7
Staves         | |  0.8
Throwing       | |  0.6
Invocations    | |  0.5

Action                     |  1- 3 |  4- 6 |  7- 9 | 10-12 | 13-15 | 16-18 | 19-21 | 22-24 | 25-27 || total
---------------------------+-------+-------+-------+-------+-------+-------+-------+-------+-------++-------
  Melee: Short sword       |    76 |       |       |       |       |       |       |       |       ||    76
         Headbutt          |    11 |    19 |    47 |   161 |   260 |   236 |   572 |   547 |   190 ||  2043
         Punch             |     1 |       |     3 |       |       |       |       |       |       ||     4
         Long sword        |    42 |   101 |   233 |   708 |   207 |       |       |       |       ||  1291
         Trident           |       |       |       |    15 |    37 |       |       |       |       ||    52
         Falchion          |       |       |       |       |   320 |       |       |       |       ||   320
         Eveningstar       |       |       |       |       |   517 |   955 |   595 |  1068 |   386 ||  3521
         Demon whip        |       |       |       |       |       |       |  1034 |   442 |   162 ||  1638
  Throw: Dart              |       |       |     3 |     8 |     5 |       |       |       |       ||    16
 Invoke: Berserk           |       |     2 |     7 |     5 |     3 |     3 |     3 |     4 |     5 ||    32
         Trog's Hand       |       |     1 |     1 |       |     8 |       |     6 |     4 |     3 ||    23
         Brothers in Arms  |       |       |       |     1 |     4 |     2 |     2 |     3 |     5 ||    17
Ability: Begin Untransform |       |       |       |     2 |       |       |       |       |       ||     2
  Evoke: Wand              |       |       |       |     5 |    13 |    37 |    12 |    12 |    15 ||    94
         Lightning rod     |       |       |       |       |       |     6 |     1 |       |       ||     7
    Use: Scroll            |       |     5 |     4 |     8 |    21 |    11 |     7 |     9 |     4 ||    69
         Potion            |       |       |     3 |       |       |     1 |       |     6 |     6 ||    16
   Stab: Petrified         |       |       |       |       |     3 |       |       |       |       ||     3
         Invisible         |       |       |       |       |       |    13 |    22 |    29 |     5 ||    69
         Distracted        |       |       |       |       |       |       |       |     2 |     2 ||     4
 Armour: Animal skin       |     7 |       |       |       |       |       |       |       |       ||     7
         Chain mail        |    33 |    64 |   136 |   487 |   128 |    26 |       |       |       ||   874
         Plate armour      |       |       |       |       |   495 |   448 |   335 |   273 |       ||  1551
         Gold dragon scale |       |       |       |       |       |       |       |   145 |   127 ||   272
  Dodge: Dodged            |    52 |    69 |   127 |   501 |   693 |   899 |   649 |   817 |   207 ||  4014
         Repelled          |       |       |       |       |       |    11 |       |       |       ||    11
  Block: Kite shield       |       |       |     8 |    21 |       |       |    81 |       |       ||   110
         Buckler           |       |       |       |   353 |   478 |   473 |    79 |       |       ||  1383
         Tower shield      |       |       |       |       |       |       |  1237 |  1793 |   404 ||  3434
         Reflection        |       |       |       |       |       |       |    51 |    45 |     5 ||   101
   Form: Beast             |       |     1 |       |     1 |       |       |       |       |       ||     2

Table legend: (Time is in decaauts)
 A = Elapsed time spent in this place.
 B = Non-inter-level travel time spent in this place.
 C = Inter-level travel time spent in this place.
 D = Time resting spent in this place.
 E = Time spent auto-exploring this place.
 F = Levels seen in this place.
 G = Mean time per level.
                   A        B        C        D        E       F      G
               +--------+--------+--------+--------+--------+-----+--------+
         Total |  63691 |  55963 |   7728 |   9005 |  28617 |  49 | 1299.8 |
       Dungeon |  17186 |  14597 |   2589 |   2646 |   8712 |  15 | 1145.7 |
          Lair |   7798 |   6550 |   1248 |    782 |   3706 |   5 | 1559.6 |
        Shoals |   5235 |   5059 |    176 |    732 |   2987 |   4 | 1308.8 |
     Snake Pit |   5467 |   4945 |    522 |    511 |   2752 |   4 | 1366.8 |
  Orcish Mines |   1367 |   1169 |    198 |    136 |    657 |   2 |  683.5 |
        Vaults |   9874 |   8259 |   1615 |   1397 |   4009 |   5 | 1974.8 |
        Depths |   6448 |   5644 |    804 |    714 |   2998 |   4 | 1612.0 |
           Zot |   9471 |   8898 |    573 |   1831 |   2659 |   5 | 1894.2 |
         Abyss |    294 |    294 |      0 |    149 |      0 |   1 |  294.0 |
        Bazaar |    145 |    145 |      0 |      0 |     60 |   2 |   72.5 |
         Sewer |    120 |    120 |      0 |     44 |     46 |   1 |  120.0 |
      Ice Cave |    281 |    281 |      0 |     62 |     30 |   1 |  281.0 |
               +--------+--------+--------+--------+--------+-----+--------+

Top non-repeatable levels by time:
Vaults:2: 2344 daAuts
   Zot:4: 2122 daAuts
Vaults:1: 2117 daAuts
  Lair:2: 2061 daAuts
Depths:1: 1986 daAuts
Vaults:5: 1945 daAuts
   Zot:2: 1926 daAuts
Shoals:3: 1922 daAuts
   Zot:1: 1913 daAuts
   Zot:5: 1851 daAuts
Vaults:3: 1791 daAuts
 Snake:3: 1711 daAuts
Vaults:4: 1676 daAuts
   Zot:3: 1658 daAuts
    D:10: 1650 daAuts
